AoeStats
← g.jiminy

Nomad

509432884Analyzed
4v4 RM · 6d ago on Sep 26, 2026· 55m 48s· 8 players
Game mode
Random Map
Map size
231×231
Population
200
Speed
Normal
Resources
Standard
Victory
Conquest
Starting age
Dark Age
Ending age
Imperial Age
RankedLock teamsTeams togetherTeam positionsShared explorationLock speedFull tech treeHidden civsTurbo modeCheats
Victory
Defeat
🇹🇼 Danes · Taiwan
1134
+11
🇨🇦 Italians · Canada
1085
+13
🇫🇷 Varangians · France
1076
+13
🇫🇷 Persians · France
1071
+14
🇨🇭 Dravidians · Switzerland
1142
-17
🇨🇭 Vikings · Switzerland
1030
-13
🇦🇺 Japanese · Australia
1021
-13
🇩🇪 Italians · Germany
898
-8
rigma
10:17 Loom
16:05 Feudal Age
18:39 Scale Barding Armor
18:44 Forging
19:26 Bloodlines
24:23 Horse Collar
30:17 Castle Age
28:35 Scale Mail Armor
28:35 Double-Bit Axe
30:17 Gold Mining
31:11 Husbandry
33:04 Stone Mining
33:56 Chain Mail Armor
34:34 Iron Casting
34:09 Gambesons
35:29 Squires
36:54 Heavy Plow
37:37 Bow Saw
37:42 Vendel Legacy
39:51 Chain Barding Armor
40:20 Wheelbarrow
41:57 Hand Cart
47:02 Stone Shaft Mining
49:01 Imperial Age
49:13 Imperial Age
48:26 Light Cavalry
49:17 Elite Varangian Guard
50:25 Conscription
50:08 Gothikon
52:13 Two-Man Saw
52:04 Plate Mail Armor
53:42 Blast Furnace
jalouis79
7:50 Loom
14:41 Feudal Age
15:27 Double-Bit Axe
16:24 Fishing Lines
20:02 Castle Age
19:06 Forging
20:18 Gold Mining
21:10 Medium Warships
21:19 Gillnets
21:45 Bow Saw
23:20 Iron Casting
23:35 Horse Collar
24:42 Stone Mining
25:56 Wheelbarrow
25:14 Demolition Ship
26:27 Heavy Plow
30:59 Imperial Age
29:14 Scale Mail Armor
30:43 Ballistics
30:53 Siphons
31:31 Hand Cart
32:23 Fletching
32:34 Padded Archer Armor
33:43 Bodkin Arrow
34:04 Leather Archer Armor
34:51 Chemistry
34:27 Heavy Warships
34:27 Thumb Ring
35:28 Conscription
35:14 Bracer
36:51 Ring Archer Armor
37:24 Elite Genoese Crossbowman
41:36 Blast Furnace
43:58 Stone Shaft Mining
44:54 Two-Man Saw
47:23 Masonry
49:33 Hoardings
50:12 Squires
49:57 Arson
51:22 Chain Mail Armor
52:40 Plate Mail Armor
52:47 Architecture
55:13 Blast Furnace
56:29 Scale Barding Armor
g.jiminy
4:24 Loom
14:54 Feudal Age
22:51 Castle Age
20:44 Arson
20:20 Man-at-Arms
42:37 Double-Bit Axe
42:34 Horse Collar
47:40 Imperial Age
46:45 Wheelbarrow
52:37 Conscription
52:58 Heavy Plow
52:57 Pikeman
53:39 Squires
54:13 Halberdier
55:59 Forging
55:50 Scale Mail Armor
Galzinator
5:20 Loom
12:32 Feudal Age
17:14 Castle Age
15:42 Double-Bit Axe
16:15 Stone Mining
20:09 Horse Collar
21:53 Fletching
24:05 Bodkin Arrow
26:35 Elite Skirmisher
27:18 Padded Archer Armor
28:13 Wheelbarrow
31:00 Kamandaran
30:25 Crossbowman
31:23 Heavy Plow
32:10 Thumb Ring
37:39 Imperial Age
37:39 Leather Archer Armor
37:29 Scale Barding Armor
38:19 Conscription
39:37 Chemistry
38:57 Ballistics
40:00 Ballistics
41:05 Bloodlines
40:55 Husbandry
42:02 Cavalier
43:08 Chain Barding Armor
42:59 Forging
42:37 Light Cavalry
44:29 Hussar
44:40 Savar
44:43 Heavy Camel Rider
46:45 Plate Barding Armor
46:47 Iron Casting
49:11 Bow Saw
50:48 Blast Furnace
50:20 Ring Archer Armor
52:39 Onager
53:42 Hand Cart
55:14 Town Watch
frickman
5:27 Loom
14:13 Feudal Age
15:08 Fishing Lines
15:59 Double-Bit Axe
21:50 Castle Age
19:42 Fletching
19:53 Padded Archer Armor
23:06 Bow Saw
23:02 Gold Mining
23:57 Thumb Ring
23:53 Bodkin Arrow
24:14 Leather Archer Armor
25:54 Forging
25:44 Scale Mail Armor
25:50 Gillnets
26:13 Medium Warships
26:00 Pikeman
26:41 Squires
28:17 Wheelbarrow
28:31 Iron Casting
28:12 Chain Mail Armor
28:31 Horse Collar
32:29 Imperial Age
30:34 Hand Cart
30:45 Murder Holes
31:09 Heavy Plow
34:43 Chemistry
34:04 Ballistics
34:44 Bracer
35:14 Ring Archer Armor
37:03 Two-Man Saw
37:07 Masonry
36:41 Elite Elephant Archer
40:33 Conscription
40:21 Medical Corps
40:52 Hoardings
40:40 Halberdier
43:25 Fortified Wall
43:06 Guard Tower
45:16 Elite Urumi Swordsman
49:47 Blast Furnace
52:42 Elite Skirmisher
eieieili
6:11 Loom
14:00 Feudal Age
22:01 Castle Age
20:10 Double-Bit Axe
20:27 Fletching
20:37 Padded Archer Armor
22:27 Pikeman
23:08 Squires
31:39 Bow Saw
31:23 Gold Mining
31:24 Stone Mining
32:20 Scale Mail Armor
33:19 Forging
39:02 Imperial Age
37:48 Iron Casting
37:29 Chain Mail Armor
37:36 Crossbowman
38:16 Bodkin Arrow
38:47 Elite Skirmisher
42:05 Leather Archer Armor
41:50 Bracer
48:25 Arbalester
54:17 Cavalier
pipermirage
4:15 Loom
14:03 Feudal Age
21:52 Castle Age
20:01 Fletching
20:11 Padded Archer Armor
30:57 Wheelbarrow
Rido
8:09 Loom
16:45 Feudal Age
17:12 Double-Bit Axe
17:13 Fishing Lines
17:29 Town Watch
19:29 Wheelbarrow
22:13 Fletching
22:22 Man-at-Arms
22:48 Arson
26:31 Castle Age
25:30 Forging
Connection lost

Rejoining the realm…

Still unreachable

The connection could not be restored.

Session expired

The server has moved on; the page needs a fresh start.